 Dungeon Crawl Stone Soup version 0.30-a0-39-g42789b21ef (webtiles) character file.

Game seed: 14545899336972047324

87 ytrimaz the Insei (level 4, -2/28 HPs)
             Began as an Octopode Transmuter on Aug 28, 2022.
             Slain by an orc
             ... wielding a +0 flail
              (6 damage)
             ... on level 3 of the Dungeon.
             The game lasted 00:02:22 (2904 turns).

ytrimaz the Insei (Octopode Transmuter)             Turns: 2904, Time: 00:02:23

Health: -2/28      AC:  2    Str:  9    XL:     4   Next: 51%
Magic:  1/7        EV: 20    Int: 17    God:
Gold:   128        SH:  0    Dex: 17    Spells: 1/7 levels left

rFire   . . .      SeeInvis .      - Unarmed
rCold   . . .      Faith    .    (shield currently unavailable)
rNeg    . . .      Spirit   .    (helmet currently unavailable)
rPois   x          Reflect  .    (no amulet)
rElec   .          Harm     .    (no ring)
rCorr   .          Rampage  .    (no ring)
Will    .....                    (no ring)
Stlth   ++........               (no ring)
HPRegen 0.09/turn                (no ring)
MPRegen 0.10/turn                (no ring)
                                 (no ring)
                                 (no ring)

@: spider-form (expiring), very slightly contaminated
A: venomous fangs, almost no armour, (amphibious), 8 rings, tiny, (camouflage
1), (gelatinous body 1), (nimble swimmer 1), (tentacles)
a: End Transformation


You were on level 3 of the Dungeon.
You were a venomous arachnid creature.
You visited 1 branch of the dungeon, and saw 3 of its levels.

You collected 128 gold pieces.

Inventory:

Jewellery
 i - an amulet of guardian spirit
Scrolls
 c - a scroll of brand weapon
 e - a scroll of torment
 g - a scroll of enchant armour {unknown}
 h - 2 scrolls of immolation {unknown}
 j - a scroll of teleportation {unknown}
Potions
 a - a potion of lignification
 b - 2 potions of flight
 f - 2 potions of curing


   Skills:
 - Level 1.0 Fighting
 - Level 3.0 Dodging
 - Level 4.0 Unarmed Combat
 + Level 2.1 Spellcasting
 + Level 2.2 Transmutations
 * Level 1.8 Poison Magic


You had one spell level left.
You knew the following spells:

 Your Spells              Type           Power      Damage    Failure   Level
a - Beastly Appendage     Tmut           18%        N/A       21%         1
b - Wereblood             Tmut           9%         N/A       28%         2
c - Spider Form           Tmut/Pois      8%         N/A       47%         3

Your spell library contained the following spells:

 Spells                   Type           Power      Damage    Failure   Level
 Ice Form                 Ice/Tmut       5%         N/A       90%         4


Dungeon Overview and Level Annotations

Branches:
Dungeon (3/15)

Altars:
Zin


Innate Abilities, Weirdness & Mutations

You are a venomous arachnid creature.
You have poisonous fangs.
You are tiny and dextrous.
Your spellcasting is less reliable in this form.
Your armour is entirely melded.
You are incapable of wielding weapons or throwing items.
You cannot wear most types of armour.
((You are amphibious.))
You can wear up to eight rings at the same time.
((Your skin changes colour to match your surroundings (Stealth+).))
((Your rubbery body absorbs attacks. (AC +1, EV +1)))
((You are camouflaged when in or above water. (Stealth+)))
((You have tentacles for arms and can constrict up to eight enemies at once.))


Message History

You kill the orc!
You are too injured to fight recklessly!
Unknown command.
An orc comes into view. It is wielding a +0 war axe.
The orc shouts!
You are too injured to fight recklessly! 2 orcs come into view.
The orc shouts! x2
The orc hits you with a +0 club.
You are too injured to fight recklessly!
You are too injured to fight recklessly!
You barely miss the orc. You grab the orc. You squeeze the orc.
The orc is almost dead.
You constrict the orc.
You kill the orc!
Casting: Beastly Appendage (safe; 8% risk of failure)
Confirm with . or Enter, or press ? or * to list all spells.
The spell is quite dangerous to miscast (26% risk of failure)!
Continue anyway?
You miscast Spider Form.
You are very lightly contaminated with residual magic.
Nothing appears to happen.
Unknown command.
Unknown command.
Casting: Spider Form (quite dangerous; 26% risk of failure)
Confirm with . or Enter, or press ? or * to list all spells.
The spell is quite dangerous to miscast (26% risk of failure)!
Continue anyway?
Your tentacle spike disappears.
You turn into a venomous arachnid creature.
Unknown command.
You are too injured to fight recklessly!
You bite the orc!
You kill the orc!
You are too injured to fight recklessly!
You barely miss the orc. The orc hits you with a +0 flail!
* * * LOW HITPOINT WARNING * * *
You are too injured to fight recklessly!
You hit the orc but do no damage.
The orc is poisoned.
Your transformation is almost over.
The orc hits you with a +0 flail.
You die...

#..##.#
#..# #
#..# #
#..# .#
#$.# .#
#..##.#
#..#o.#
#..#o#
#..s.#
#.)###
#..#
#..#
#.##
#.# #!#
#.#


You could see 2 orcs.

Vanquished Creatures
  An adder (D:3)
  A worm (D:3)
  5 dart slugs
  3 orcs (D:3)
  2 endoplasms
  2 giant cockroaches (D:1)
  7 goblins
  3 hobgoblins (D:1)
  10 jackals
  2 quokkas
  2 ball pythons (D:1)
  9 bats
  2 frilled lizards (D:1)
  4 kobolds
  2 rats (D:1)
55 creatures vanquished.

Notes
Turn   | Place    | Note
-------+----------+-------------------------------------------
     0 | D:1      | ytrimaz the Octopode Transmuter began the quest for the
                  | Orb.
     0 | D:1      | Reached XP level 1. HP: 13/13 MP: 3/3
     8 | D:1      | Found a faded altar of an unknown god.
   404 | D:1      | Reached XP level 2. HP: 18/18 MP: 3/5
   830 | D:1      | Reached XP level 3. HP: 18/23 MP: 4/6
  1481 | D:1      | Learned a level 2 spell: Wereblood
  1485 | D:1      | Learned a level 3 spell: Spider Form
  2246 | D:2      | Reached XP level 4. HP: 28/28 MP: 5/7
  2246 | D:2      | Found a glowing silver altar of Zin.
  2340 | D:2      | Reached skill level 1 in Poison Magic
  2771 | D:3      | Reached skill level 4 in Unarmed Combat
  2904 | D:3      | Slain by an orc

Illustrated notes

Levels and vault maps discovered:
D:1:      lightli_arrival_maybe_door_vault, layout_basic,
          ebering_ecumenical_altar_hall, serial_bayou_pond_e
D:2:      layout_loops_ring, basic_altar, minmay_tetromino_o4
D:3:      layout_rooms, st_stairs_13, grunt_ministairs_8,
          kennysheep_generic_room_8

Skill      XL: |  1  2  3  4 |
---------------+-------------+-----
Dodging        | 3 |  3.0
Poison Magic   | 1 |  1.8
Unarmed Combat | 4 |  4.0
Fighting       | |  1.0
Spellcasting   | |  2.1
Transmutations | |  2.2

Action                   |  1- 3 |  4- 6 || total
-------------------------+-------+-------++-------
Melee: Unarmed           |    80 |    23 ||   103
       Kick              |    18 |     5 ||    23
       Constrict         |    19 |     7 ||    26
       Tentacles         |    12 |     6 ||    18
       Punch             |       |     2 ||     2
 Cast: Beastly Appendage |    30 |     9 ||    39
       Spider Form       |       |     1 ||     1
  Use: Scroll            |     4 |     1 ||     5
 Stab: Sleeping          |     3 |     2 ||     5
Armor: Skin              |    14 |     4 ||    18
Dodge: Dodged            |    69 |    10 ||    79

Table legend: (Time is in decaauts)
 A = Elapsed time spent in this place.
 B = Non-inter-level travel time spent in this place.
 C = Inter-level travel time spent in this place.
 D = Time resting spent in this place.
 E = Time spent auto-exploring this place.
 F = Levels seen in this place.
 G = Mean time per level.
                   A        B        C        D        E       F      G
               +--------+--------+--------+--------+--------+-----+--------+
         Total |   2895 |   2815 |     80 |      0 |   2384 |   3 |  965.0 |
       Dungeon |   2895 |   2815 |     80 |      0 |   2384 |   3 |  965.0 |
               +--------+--------+--------+--------+--------+-----+--------+

Top non-repeatable levels by time:
     D:1: 1773 daAuts
     D:2: 829 daAuts
     D:3: 293 daAuts
